 Dungeon Crawl Stone Soup version 0.19.5 (webtiles) character file.

487 JeffiDaFish the Shield-Bearer (level 7, -8/44 HPs)
             Began as a Gargoyle Fighter on Mar 25, 2017.
             Mangled by an orc warrior
             ... wielding a +0 glaive
              (15 damage)
             ... on level 6 of the Dungeon.
             The game lasted 00:04:19 (2321 turns).

JeffiDaFish the Shield-Bearer (Gargoyle Fighter)    Turns: 2321, Time: 00:04:20

Health: -8/44      AC: 15    Str: 25    XL:     7   Next: 13%
Magic:  7/7        EV: 12    Int:  8    God:
Gold:   159        SH: 10    Dex: 11    Spells: 0 memorised, 6 levels left

rFire  . . .     SeeInvis .     a - +1 flail
rCold  . . .     Gourm    .     j - +0 chain mail
rNeg   + . .     Faith    .     c - +0 shield
rPois  ∞         Spirit   .     (no helmet)
rElec  +         Reflect  .     i - +0 cloak
rCorr  .         Harm     .     (no gloves)
MR     +....                    (no boots)
Stlth  ..........               (no amulet)
                                l - +6 ring of evasion
                                k - ring of protection from magic

@: mighty
A: negative energy resistance 1, electricity resistance, unbreathing,
petrification resistance, rot immunity, AC +4
a: no special abilities


You were on level 6 of the Dungeon.
You were not hungry.

You visited 1 branch of the dungeon, and saw 4 of its levels.

You collected 159 gold pieces.

Inventory:

Hand Weapons
 a - a +1 flail (weapon)
Armour
 c - a +0 shield (worn)
 i - a +0 cloak (worn)
 j - a +0 chain mail (worn)
Jewellery
 k - a ring of protection from magic (left hand)
 l - a +6 ring of evasion (right hand)
 r - an uncursed ring of protection from fire {unknown}
Scrolls
 g - 2 scrolls of magic mapping
 n - a scroll of fog
 p - 2 scrolls of remove curse
Potions
 e - a potion of resistance
 o - a potion of flight
Comestibles
 b - a meat ration
 f - 4 bread rations
 h - 9 chunks of flesh
 m - a beef jerky
 q - a royal jelly


   Skills:
 + Level 4.4 Fighting
 + Level 4.8 Maces & Flails
 + Level 4.3 Armour
 + Level 1.0 Dodging
 + Level 0.5 Stealth
 + Level 5.3 Shields


You had 6 spell levels left.
You didn't know any spells.

Dungeon Overview and Level Annotations

Branches:
Dungeon (3/15)

Altars:
Kikubaaqudgha
Ru
Xom


Innate Abilities, Weirdness & Mutations

You are resistant to torment.
Your stone body is resilient. (AC +4)
You are immune to poison.
You resist negative energy. (rN+)
You are resistant to electric shocks. (rElec)
You can survive without breathing.
You are immune to petrification.
You are immune to rotting.


Message History

* * * LOW HITPOINT WARNING * * *
You closely miss the orc.
The orc is severely wounded.
You block the orc's attack.
The orc warrior hits you but does no damage.
You block the orc's attack.
A gnoll comes into view. It is wielding a whip.
You closely miss the orc.
The orc is severely wounded.
The gnoll shouts!
The orc hits you but does no damage.
The orc warrior hits you but does no damage.
Your chain mail prevents you from hitting the orc.
The orc is severely wounded.
You block the orc's attack. You block the orc warrior's attack.
You bludgeon the orc!!
You kill the orc!
The gnoll barely misses you.
The orc warrior hits you from afar with a glaive!
You die...

#.>....... #..#...
#..#..# #..#..# #.#
.⌠####..#..# .../
+....g#..##.....
.⌠#####.#......g.o
# #g#..###..o.
#@#..### o
#########)#....#
..........o.o..#.
#########..........
#.#.#o##.##
#.#.#..#...
#.#.##.#...
#...##..# ##..##..#


You could see an orc warrior and 2 gnolls.

Vanquished Creatures
  Sigmund (D:3)
  2 bullfrogs (D:6)
  A hound (D:6)
  8 adders
  5 gnolls (D:6)
  A worm (D:2)
  A dart slug (D:3)
  A leopard gecko (D:2)
  2 orcs (D:6)
  A ball python (D:3)
  2 giant cockroaches (D:1)
  6 goblins
  8 hobgoblins
  4 jackals (D:1)
  A kobold (D:2)
  A quokka (D:2)
  5 bats
  4 frilled lizards
  4 rats
58 creatures vanquished.

Notes
Turn   | Place    | Note
-------+----------+-------------------------------------------
     0 | D:1      | JeffiDaFish the Gargoyle Fighter began the quest for the Orb.
     0 | D:1      | Reached XP level 1. HP: 14/14 MP: 1/1
   109 | D:1      | Reached XP level 2. HP: 14/19 MP: 2/2
   733 | D:2      | Reached XP level 3. HP: 23/23 MP: 3/3
   755 | D:2      | Found a sacrificial altar of Ru.
   933 | D:2      | Reached skill level 4 in Shields
   933 | D:2      | Reached XP level 4. HP: 14/28 MP: 4/4
  1667 | D:3      | Found a shimmering altar of Xom.
  1667 | D:3      | Found a shimmering altar of Xom.
  1667 | D:3      | Found a shimmering altar of Xom.
  1667 | D:3      | Noticed Sigmund
  1673 | D:3      | Killed Sigmund
  1673 | D:3      | Reached XP level 5. HP: 33/33 MP: 5/5
  1673 | D:3      | Reached XP level 6. HP: 38/38 MP: 6/6
  1938 | D:3      | Found an ancient bone altar of Kikubaaqudgha.
  2126 | D:3      | Found a shimmering altar of Xom.
  2157 | D:3      | You fall through a shaft for 3 floors!
  2199 | D:6      | Reached skill level 1 in Dodging
  2252 | D:6      | Noticed an orc warrior
  2291 | D:6      | Reached skill level 5 in Shields
  2294 | D:6      | Reached XP level 7. HP: 34/44 MP: 7/7
  2321 | D:6      | Mangled by an orc warrior

Skill      XL: |  1  2  3  4  5  6 |
---------------+-------------------+-----
Shields        | 4 5 |  5.3
Maces & Flails | 4 |  4.8
Fighting       | 4 |  4.4
Armour         | 4 |  4.3
Dodging        | 1 |  1.0
Stealth        | |  0.5

Action                   |  1- 3 |  4- 6 |  7- 9 || total
-------------------------+-------+-------+-------++-------
Melee: Flail             |   144 |   158 |     9 ||   311
  Use: Potion            |     3 |     3 |     1 ||     7
       Scroll            |     4 |     7 |       ||    11
  Eat: Chunk             |       |     5 |       ||     5
Armor: Scale mail        |    37 |       |       ||    37
       Chain mail        |    53 |    71 |     3 ||   127
Dodge: Dodged            |    59 |    93 |     3 ||   155
Block: Shield            |    97 |    84 |     7 ||   188
